 Dungeon Crawl Stone Soup version 0.23.0 (webtiles) character file.

Game seed: 13820572096551663354

145406 Peloso the Peltast (level 16, -2/152 HPs)
             Began as a Minotaur Fighter on Feb 9, 2019.
             Was the Champion of Okawaru.
             Slain by a five-headed hydra (5 damage)
             ... on level 4 of the Swamp on Feb 10, 2019.
             The game lasted 02:04:43 (36006 turns).

Peloso the Peltast (Minotaur Fighter)              Turns: 36006, Time: 02:04:43

Health: -2/152     AC: 25    Str: 33    XL:     16   Next: 87%
Magic:  0/26       EV: 13    Int:  5    God:    Okawaru [******]
Gold:   791        SH: 17    Dex: 20    Spells: 15/15 levels left

rFire    + . .     SeeInvis +   a - +8 double sword (flame)
rCold    . . .     Gourm    .   c - +0 shield
rNeg     . . .     Faith    .   y - +4 chain mail {rF+}
rPois    +         Spirit   +   s - +2 hat
rElec    +         Reflect  .   J - scarf {cloud immunity}
rCorr    .         Harm     .   Q - +1 pair of gloves {Str+3}
MR       +....                  R - +2 pair of boots {run}
Stlth    ..........             i - amulet of guardian spirit
HPRegen  0.35/turn              M - ring of Compassion {+Blink rElec MP+9 Str+5}
MPRegen  0.20/turn              L - ring of Yendor {*Slow rPois Dex+7 SInv Stlth+}

@: slowed, very slow
A: retaliatory headbutt, horns 2, MP-powered wands
a: Heroism, Finesse, Renounce Religion, Evoke Blink


You were on level 4 of the Swamp.
You worshipped Okawaru.
Okawaru was exalted by your worship.
You were hungry.

You visited 5 branches of the dungeon, and saw 28 of its levels.
You also visited: Bailey and Ice Cave.

You collected 2322 gold pieces.
You spent 1531 gold pieces at shops.

Inventory:

Hand Weapons
 a - a +8 double sword of flaming (weapon)
 b - the +8 scimitar "Odeolali" {speed, +Blink MR- Int+6 SInv}
   (Okawaru gifted it to you on level 15 of the Dungeon)

   Attacks with this weapon are significantly faster.
   It affects your intelligence (+6).
   It affects your resistance to hostile enchantments.
   It lets you see invisible.
   It lets you blink.
 r - the +9 hand crossbow of Paper {freeze, rElec rC- Dex+5}
   (Okawaru gifted it to you on level 3 of the Lair of Beasts)

   It causes projectiles fired from it to freeze those they strike, causing
   extra injury to most foes and up to half again as much damage against
   particularly susceptible opponents.
   They can also slow down cold-blooded creatures.
   It affects your dexterity (+5).
   It makes you vulnerable to cold.
   It insulates you from electricity.
Missiles
 m - 102 bolts
Armour
 c - a +0 shield (worn)
 s - a +2 hat (worn)
 y - a +4 chain mail of fire resistance (worn)
 A - +0 swamp dragon scales
 J - a scarf of cloud immunity (worn)
 P - a +3 chain mail of magic resistance
 Q - a +1 pair of gloves of strength (worn)
 R - a +2 pair of boots of running (worn)
 W - a +2 cloak of magic resistance
Jewellery
 i - an amulet of guardian spirit (around neck)
 n - an uncursed ring of protection from fire
 K - the ring "Sereoduv" {rPois AC+2}
   (You took it off an efreet on level 11 of the Dungeon)

   [ring of protection]

   It affects your AC (+2).
   It protects you from poison.
 L - the ring of Yendor (right hand) {*Slow rPois Dex+7 SInv Stlth+}
   (You found it on level 11 of the Dungeon)

   [ring of stealth]

   It affects your dexterity (+7).
   It protects you from poison.
   It lets you see invisible.
   It may slow you when you take damage.
   It makes you more stealthy.
 M - the ring of Compassion (left hand) {+Blink rElec MP+9 Str+5}
   (You found it on level 11 of the Dungeon)

   [ring of magical power]

   It affects your strength (+5).
   It insulates you from electricity.
   It affects your magic capacity (+9).
   It lets you blink.
 N - the ring of Discord {+Blink rC+}
   (You found it on level 11 of the Dungeon)

   [ring of protection from cold]

   It protects you from cold.
   It lets you blink.
Wands
 h - a wand of iceblast (5)
 u - a wand of digging (1)
 w - a wand of polymorph (12)
Scrolls
 g - 3 scrolls of noise
 k - a scroll of identify
 t - a scroll of acquirement {unknown}
 x - 4 scrolls of remove curse
 z - 3 scrolls of vulnerability {unknown}
 D - 3 scrolls of magic mapping
 E - a scroll of enchant armour {unknown}
 H - a scroll of teleportation
 V - a scroll of silence {unknown}
Potions
 d - a potion of magic
 e - a potion of brilliance
 j - 11 potions of curing
 l - 3 potions of agility
 o - a potion of resistance
 p - a potion of flight
 q - 3 potions of heal wounds
 v - 4 potions of haste
 G - 3 potions of might
Comestibles
 f - 49 rations


   Skills:
 + Level 16.6 Fighting
 + Level 18.3 Long Blades
 + Level 1.2 Crossbows
 + Level 15.3 Armour
 + Level 4.5 Dodging
 + Level 2.5 Stealth
 + Level 18.9 Shields
 + Level 1.7 Invocations
 + Level 3.5 Evocations


You had 15 spell levels left.
You didn't know any spells.
Your spell library contained the following spells:

 Spells                   Type           Power        Failure   Level  Hunger
 Flame Tongue             Conj/Fire      #....        83%         1    ##.....
 Infusion                 Chrm           #...         83%         1    ##.....
 Magic Dart               Conj           #...         83%         1    ##.....
 Summon Small Mammal      Summ           #...         83%         1    ##.....
 Blink                    Tloc           N/A          93%         2    ###....
 Call Imp                 Summ           #.......     93%         2    ###....
 Corpse Rot               Necr           N/A          93%         2    ###....
 Shroud of Golubria       Chrm/Tloc      #.........   93%         2    ###....
 Slow                     Hex            #.......     93%         2    ###....
 Song of Slaying          Chrm           #.......     93%         2    ###....
 Sublimation of Blood     Necr           #.........   93%         2    ###....
 Throw Flame              Conj/Fire      #.....       93%         2    ###....
 Call Canine Familiar     Summ           #.......     99%         3    ####...
 Conjure Flame            Conj/Fire      #.......     99%         3    ####...
 Ignite Poison            Fire/Tmut/Pois #.......     99%         3    ####...
 Inner Flame              Hex/Fire       #.......     99%         3    ####...
 Mephitic Cloud           Conj/Pois/Air  #.......     99%         3    ####...
 Regeneration             Chrm/Necr      #.........   99%         3    ####...
 Spectral Weapon          Hex/Chrm       #.......     99%         3    ####...
 Stone Arrow              Conj/Erth      #.....       99%         3    ####...
 Summon Guardian Golem    Hex/Summ       #.......     99%         3    ####...
 Leda's Liquefaction      Hex/Erth       #.........   100%        4    #####..
 Petrify                  Tmut/Erth      #.......     100%        4    #####..
 Sticky Flame             Conj/Fire      #.......     100%        4    #####..
 Summon Ice Beast         Ice/Summ       #.......     100%        4    #####..
 Summon Lightning Spire   Summ/Air       #.......     100%        4    #####..
 Alistair's Intoxication  Tmut/Pois      #.......     100%        5    ######.
 Bolt of Magma            Conj/Fire/Erth #.........   100%        5    ######.
 Fireball                 Conj/Fire      #.........   100%        5    ######.
 Irradiate                Conj/Tmut      #.........   100%        5    ######.
 Iskenderun's Battlesphe  Conj/Chrm      #.......     100%        5    ######.
 Summon Forest            Summ/Tloc      #.........   100%        5    ######.
 Venom Bolt               Conj/Pois      #.........   100%        5    ######.
 Hydra Form               Tmut           #.........   100%        6    #######
 Iron Shot                Conj/Erth      #.........   100%        6    #######
 Orb of Destruction       Conj           #.........   100%        7    #######
 Spellforged Servitor     Conj/Summ      #.........   100%        7    #######
 Summon Hydra             Summ           #.........   100%        7    #######


Dungeon Overview and Level Annotations

Branches:
Dungeon (15/15)            Temple (1/1) D:6            Lair (6/6) D:8
  Swamp (4/4) Lair:2       Spider (0/4) Lair:2        Slime (0/5) Lair:6
    Orc (2/2) D:9             Elf (0/3) Orc:2        Vaults (0/5) D:14
 Depths (0/5) D:15

Altars:
Ashenzari
Cheibriados
Dithmenos
Elyvilon
Fedhas
Gozag
Hepliaklqana
Kikubaaqudgha
Makhleb
Nemelex Xobeh
Okawaru
Sif Muna
Trog
Vehumet
Wu Jian
Xom
Yredelemnul
The Shining One
Beogh
Jiyva

Shops:
D:6 !   D:7 !   D:8 !   D:14 *   Orc:2 (::[


Innate Abilities, Weirdness & Mutations

You reflexively headbutt those who attack you in melee.
You have a pair of horns on your head.
You expend magic power (3 MP) to strengthen your wands.


Message History

* * * LOW HITPOINT WARNING * * *
The swamp dragon claws you but does no damage.
The swamp dragon tramples you but does no damage.
You block the eight-headed hydra's attack.
The eight-headed hydra barely misses you.
The eight-headed hydra bites you but does no damage.
The eight-headed hydra barely misses you.
The eight-headed hydra bites you!
* * * LOW HITPOINT WARNING * * *
The eight-headed hydra bites you.
* * * LOW HITPOINT WARNING * * *
The eight-headed hydra bites you but does no damage.
The eight-headed hydra barely misses you.
The spriggan rider hits you from afar with a +0 spear.
* * * LOW HITPOINT WARNING * * *
The five-headed hydra bites you!
* * * LOW HITPOINT WARNING * * *
The five-headed hydra bites you but does no damage.
The five-headed hydra misses you. x2; The five-headed hydra bites you.
You die...

♣♣♣♣♣♣ ♣♣♣.≈≈≈♣
♣§$≈≈≈. .♣♣♣
♣♣≈.≈≈≈. .≈..♣
♣♣≈≈♣..≈♣ .≈%.♣♣
.≈≈..≈..♣♣♣♣♣.§.≈≈♣
.≈≈≈<.≈@D♣♣..≈≈..♣
...≈≈≈DDDh♣.≈≈.≈♣
≈≈≈≈≈≈≈≈iw§≈..≈♣
♣≈≈≈≈≈≈w≈≈Y..♣♣♣
♣≈≈≈.≈≈≈≈≈ni≈≈.♣♣
#♣♣≈.♣.......≈≈.♣♣♣
♣♣♣♣≈§n.≈.≈≈≈...♣
♣.≈[.≈≈≈≈≈.≈≈.
♣♣♣≈♣.≈.≈≈≈≈≈≈≈


You could see a death yak (berserk), an eight-headed hydra, a six-headed hydra,
a five-headed hydra, a swamp dragon, a spriggan rider, a spriggan berserker, a
polar bear (berserk), 2 bog bodies and 2 swamp worms.

Vanquished Creatures
  Jorgrun (Swamp:3)
  Rupert (D:14)
  Gastronok (Lair:3)
  2 thorn hunters
  An orc warlord (Orc:2)
  The ghost of Vesto the Warrior, a journeyman MiFi of Okawaru (Lair:6)
  A ghoul (Swamp:2)
  Nessos (D:15)
  Snorg (D:14)
  2 fire dragons
  2 ogre magi (D:15)
  2 catoblepae
  3 ghost crabs
  24 hydras
  2 shambling mangroves
  10 two-headed ogres
  6 death yaks
  7 alligators
  2 centaur warriors
  A tengu warrior (D:14)
  A death knight (D:14)
  5 orc high priests
  Urug (Lair:3)
  A fire crab (Lair:4)
  3 spriggans
  3 skeletal warriors (D:14)
  2 unseen horrors
  A swamp dragon (Swamp:3)
  A sea snake (shapeshifter) (D:11)
  A wizard (D:15)
  A lindwurm (Lair:6)
  An orange crystal statue (Lair:2)
  A wolf spider zombie (D:13)
  3 deep elf magi
  2 oklob plants (Lair:1)
  5 orc sorcerers
  8 orc knights
  9 ugly things
  A manticore (D:12)
  4 cyclopes
  Joseph (D:7)
  6 elephants (Lair:3)
  2 ice statues (IceCv)
  8 black mambas
  Psyche (D:9)
  A naga mage (D:15)
  3 molten gargoyles (Lair:6)
  4 gargoyles
  20 spiny frogs
  2 rime drakes
  The ghost of sipior the Charmwright, a novice HaSk (D:3)
  9 komodo dragons
  10 ice devils (IceCv)
  An efreet (D:11)
  A freezing wraith (D:13)
  A komodo dragon (shapeshifter) (D:14)
  A tengu conjurer (D:14)
  A queen bee (shapeshifter) (D:14)
  A polar bear (Lair:3)
  5 trolls
  A jumping spider (Lair:2)
  7 hornets
  7 tyrant leeches
  Grinder (D:5)
  A wind drake (shapeshifter) (D:14)
  7 blink frogs
  11 bog bodies
  10 slime creatures
  11 hippogriffs
  15 wyverns
  A redback (Lair:2)
  2 shadows (Swamp:1)
  A water elemental (D:11)
  26 yaks
  7 basilisks
  Grum (D:9)
  22 vampire mosquitoes
  4 hungry ghosts
  Menkaure (D:5)
  3 steam dragons
  3 wargs
  7 swamp worms
  7 insubstantial wisps (Swamp:2)
  A soldier ant (D:15)
  Edmund (D:4)
  4 hell hounds (Lair:6)
  10 water moccasins
  6 porcupines
  8 swamp drakes
  57 orc warriors
  A sky beast (D:11)
  2 black bears (Lair:2)
  Duvessa (D:7)
  An ice beast (D:14)
  12 wolves
  4 necrophages (Swamp:2)
  21 ogres
  3 phantoms
  2 centaurs
  15 crocodiles
  2 big kobolds
  14 bullfrogs
  A wyvern zombie (D:10)
  Dowan (D:7)
  7 scorpions
  15 killer bees
  3 electric eels
  8 wights
  8 crimson imps
  8 lava snakes
  A quasit (D:5)
  6 centaur zombies
  11 jellies
  28 orc priests
  Crazy Yiuf (D:6)
  3 bullfrog skeletons
  6 centaur skeletons
  4 hounds
  Jessica (D:3)
  Natasha (D:3)
  Terence (D:3)
  7 iguanas
  20 orc wizards
  2 hell rats (Lair:6)
  15 worker ants
  A killer bee zombie (D:10)
  A hound zombie (D:6)
  4 hound skeletons
  2 worker ant zombies (D:11)
  14 gnolls
  8 river rats (Lair:6)
  10 adders
  2 shadow imps (D:7)
  9 white imps (IceCv)
  6 ufetubi (IceCv)
  19 oozes
  An adder zombie (D:6)
  An adder skeleton (D:5)
  A worm (D:2)
  3 dart slugs
  7 leopard geckos
  129 orcs
  3 bat skeletons (D:2)
  A bat zombie (D:2)
  2 giant cockroaches
  14 goblins
  7 hobgoblins
  13 jackals
  4 quokkas
  10 bats
  9 frilled lizards
  2 goblin skeletons (D:5)
  A goblin zombie (D:5)
  2 hobgoblin zombies (D:5)
  15 kobolds
  3 kobold zombies (D:5)
  A leopard gecko skeleton (D:7)
  An orc skeleton (D:5)
  An orc zombie (D:5)
  A quokka skeleton (D:4)
  A quokka zombie (D:6)
  8 rats
  3 fungi
  23 plants
1026 creatures vanquished.

Vanquished Creatures (others)
  A reaper (IceCv)
  An alligator (Swamp:3)
  A swamp worm (Swamp:4)
  A bullfrog skeleton (D:11)
  4 white imps (IceCv)
  An orc (Orc:2)
  11 fungi
  4 plants (D:8)
24 creatures vanquished.

Grand Total: 1050 creatures vanquished

Notes
Turn   | Place    | Note
-------+----------+-------------------------------------------
     0 | D:1      | Peloso the Minotaur Fighter began the quest for the Orb.
     0 | D:1      | Reached XP level 1. HP: 19/19 MP: 0/0
   279 | D:1      | Reached XP level 2. HP: 27/27 MP: 1/1
   768 | D:2      | Reached XP level 3. HP: 27/33 MP: 2/2
   937 | D:2      | Reached XP level 4. HP: 37/40 MP: 3/3
  1603 | D:2      | Found an ancient bone altar of Kikubaaqudgha.
  1707 | D:3      | Reached XP level 5. HP: 46/46 MP: 4/4
  1729 | D:3      | Found a hazy altar of Hepliaklqana.
  1799 | D:3      | Noticed Jessica
  1803 | D:3      | Killed Jessica
  1933 | D:3      | Found a transporter.
  1948 | D:3      | Found a transporter.
  1949 | D:3      | Noticed sipior's ghost (novice HaSk)
  2042 | D:3      | Noticed Terence
  2048 | D:3      | Killed Terence
  2080 | D:3      | Reached skill level 5 in Shields
  2147 | D:3      | Noticed Natasha
  2152 | D:3      | Killed Natasha
  2273 | D:4      | Reached skill level 5 in Long Blades
  2273 | D:4      | Reached XP level 6. HP: 53/53 MP: 5/5
  2284 | D:4      | Reached skill level 5 in Armour
  2322 | D:4      | Found a snail-covered altar of Cheibriados.
  2544 | D:4      | Noticed Edmund
  2559 | D:4      | Killed Edmund
  3026 | D:4      | Reached skill level 1 in Dodging
  3026 | D:4      | Reached XP level 7. HP: 32/60 MP: 6/6
  3235 | D:5      | Entered Level 5 of the Dungeon
  3268 | D:5      | Noticed Menkaure
  3277 | D:5      | Killed Menkaure
  3418 | D:5      | Found a glowing golden altar of the Shining One.
  3776 | D:5      | Reached skill level 5 in Fighting
  3900 | D:5      | Noticed Grinder
  3910 | D:5      | Paralysed by Grinder for 6 turns
  4225 | D:5      | Paralysed by Grinder for 5 turns
  4231 | D:5      | Killed Grinder
  4231 | D:5      | Reached XP level 8. HP: 41/69 MP: 7/7
  4948 | D:6      | Found a staircase to the Ecumenical Temple.
  4986 | Temple   | Entered the Ecumenical Temple
  4998 | Temple   | Became a worshipper of Warmaster Okawaru
  5033 | D:6      | Found Qovvanek's Distillery.
  5078 | D:6      | Bought a potion of heal wounds for 60 gold pieces
  5078 | D:6      | Bought a potion of flight for 36 gold pieces
  5078 | D:6      | Bought a potion of agility for 48 gold pieces
  5182 | D:6      | Found a runed translucent door.
  5183 | D:6      | Noticed Crazy Yiuf
  5245 | D:6      | Found a basalt altar of Yredelemnul.
  5247 | D:6      | Found a burning altar of Makhleb.
  5247 | D:6      | Found a radiant altar of Vehumet.
  5253 | D:6      | Found a shimmering altar of Xom.
  5253 | D:6      | Found a bloodstained altar of Trog.
  5253 | D:6      | Found a radiant altar of Vehumet.
  5379 | D:6      | Found a sparkling altar of Nemelex Xobeh.
  5473 | D:6      | Killed Crazy Yiuf
  5473 | D:6      | Reached skill level 1 in Evocations
  5608 | D:3      | Killed sipior's ghost
  5608 | D:3      | Reached * piety under Okawaru
  6001 | D:7      | Reached XP level 9. HP: 56/75 MP: 9/9
  6040 | D:7      | Reached skill level 1 in Stealth
  6104 | D:7      | Reached ** piety under Okawaru
  6135 | D:7      | Found a flagged portal.
  6143 | Bailey   | Entered a bailey
  7690 | Bailey   | Reached skill level 10 in Shields
  7946 | Bailey   | Got a scorched shortbow
  7948 | Bailey   | Noticed an orc knight
  7957 | Bailey   | Killed an orc knight
  7957 | Bailey   | Reached *** piety under Okawaru
  7957 | Bailey   | Reached skill level 10 in Long Blades
  7957 | Bailey   | Reached XP level 10. HP: 78/86 MP: 11/11
  7974 | Bailey   | Reached skill level 1 in Invocations
  7981 | Bailey   | Got a pitted shortbow
  8820 | D:7      | Found Cich's Distillery.
  8826 | D:7      | Bought a potion of heal wounds for 60 gold pieces
  8828 | D:7      | Noticed Duvessa
  8828 | D:7      | Noticed Dowan
  8845 | D:7      | Killed Duvessa
  8855 | D:7      | Killed Dowan
  9277 | D:7      | Noticed Joseph
  9304 | D:7      | Killed Joseph
  9522 | D:7      | Reached **** piety under Okawaru
  9963 | D:8      | Found a bloodstained altar of Trog.
  9963 | D:8      | Found a radiant altar of Vehumet.
 11167 | D:8      | Found a basalt altar of Yredelemnul.
 11230 | D:8      | Found a staircase to the Lair.
 11536 | D:8      | Reached XP level 11. HP: 77/95 MP: 12/12
 11560 | D:8      | Noticed a two-headed ogre
 11580 | D:8      | Killed a two-headed ogre
 11708 | D:8      | Found Kaadib's Distillery.
 11845 | D:8      | Reached ***** piety under Okawaru
 11869 | D:8      | Found a sparkling altar of Nemelex Xobeh.
 12037 | D:8      | Found a white marble altar of Elyvilon.
 12047 | D:8      | Found an ornate altar of the Wu Jian Council.
 12049 | D:8      | Found a burning altar of Makhleb.
 12510 | D:9      | Noticed a two-headed ogre
 12517 | D:9      | Killed a two-headed ogre
 12565 | D:9      | Noticed Psyche
 12578 | D:9      | Killed Psyche
 12598 | D:9      | Noticed Grum
 12616 | D:9      | Killed Grum
 12947 | D:9      | Received a gift from Okawaru
 13068 | D:9      | Found a staircase to the Orcish Mines.
 13436 | D:9      | Found a blossoming altar of Fedhas.
 13771 | D:10     | Entered Level 10 of the Dungeon
 14203 | D:10     | Reached skill level 10 in Armour
 14402 | D:11     | Noticed a cyan ugly thing
 14411 | D:11     | Killed a cyan ugly thing
 15055 | D:11     | Killed an unseen horror
 15196 | D:11     | Noticed a centaur warrior
 15205 | D:11     | Killed a centaur warrior
 15205 | D:11     | Reached XP level 12. HP: 37/106 MP: 13/13
 15423 | D:11     | Identified the ring "Dathrit" {*Drain rN++ AC+4}
 15436 | D:11     | Received a gift from Okawaru
 15447 | D:11     | Identified the ring "Sereoduv" {rPois AC+2}
 15454 | D:11     | Reached skill level 10 in Fighting
 15467 | D:11     | Noticed a two-headed ogre
 15475 | D:11     | Killed a two-headed ogre
 15592 | D:11     | Got a fine turquoise ring
 15594 | D:11     | Got a faintly glowing jade ring
 15598 | D:11     | Identified the ring of Compassion {+Blink rElec MP+9 Str+5}
                  | (You found it on level 11 of the Dungeon)
 15600 | D:11     | Identified the ring of Discord {+Blink rC+} (You found it
                  | on level 11 of the Dungeon)
 15770 | D:11     | Got a warped tin ring
 16065 | Lair:1   | Entered Level 1 of the Lair of Beasts
 17399 | Lair:1   | Identified the +5 shortbow "Eczeihod" {flame, rF+ MR+
                  | Dex-4} (You found it in a bailey)
 17402 | Lair:1   | Identified the cursed +3 shortbow of Immorality {velocity,
                  | rF- Str+6 Stlth+} (You found it in a bailey)
 17410 | Lair:1   | Identified the ring of Yendor {*Slow rPois Dex+7 SInv
                  | Stlth+} (You found it on level 11 of the Dungeon)
 17588 | Lair:2   | Found a hole to the Spider Nest.
 17612 | Lair:2   | Received a gift from Okawaru
 17658 | Lair:2   | Found a staircase to the Swamp.
 17972 | Lair:2   | Reached ****** piety under Okawaru
 18362 | Lair:3   | Received a gift from Okawaru
 18365 | Lair:3   | Got a scorched hand crossbow {god gift}
 18366 | Lair:3   | Noticed Urug
 18380 | Lair:3   | Killed Urug
 18571 | Lair:3   | Noticed a catoblepas
 18582 | Lair:3   | Killed a catoblepas
 18593 | Lair:3   | Noticed Gastronok
 18605 | Lair:3   | Killed Gastronok
 18605 | Lair:3   | Reached XP level 13. HP: 107/115 MP: 14/14
 19591 | Lair:4   | Reached skill level 15 in Long Blades
 19909 | Lair:4   | Found a frozen archway.
 19918 | IceCv    | Entered an ice cave
 19960 | IceCv    | Received a gift from Okawaru
 20213 | IceCv    | Identified a +2 pair of boots of running (You found it in
                  | an ice cave)
 20445 | IceCv    | Killed a reaper
 21088 | IceCv    | Identified the +9 hand crossbow of Paper {freeze, rElec rC-
                  | Dex+5} (Okawaru gifted it to you on level 3 of the Lair of
                  | Beasts)
 21625 | Lair:5   | Reached skill level 15 in Shields
 22323 | Lair:6   | Entered Level 6 of the Lair of Beasts
 22323 | Lair:6   | Found a runed translucent door.
 22323 | Lair:6   | Found a viscous altar of Jiyva.
 22325 | Lair:6   | Found a staircase to the Slime Pits.
 22402 | Lair:6   | Received a gift from Okawaru
 22421 | Lair:6   | Found a runed translucent door.
 22422 | Lair:6   | Noticed Vesto's ghost (journeyman MiFi)
 22451 | Lair:6   | Reached XP level 14. HP: 114/127 MP: 15/15
 22994 | Lair:6   | Received a gift from Okawaru
 23207 | Lair:6   | Received a gift from Okawaru
 23476 | Lair:6   | Found a large runed translucent door.
 23477 | Lair:6   | Found a large runed translucent door.
 24184 | Lair:6   | Found the +6 shillelagh "Devastator" {shatter}
 24497 | Lair:6   | Killed Vesto's ghost
 26112 | D:13     | Received a gift from Okawaru
 26443 | D:13     | Got a heavily runed scale mail
 26497 | D:13     | Identified the +3 scale mail "Hudovanu" {+Fly rElec Dex-3}
                  | (You found it on level 13 of the Dungeon)
 27045 | D:13     | Received a gift from Okawaru
 27290 | D:14     | Noticed Snorg
 27296 | D:14     | Killed Snorg
 27315 | D:14     | Reached XP level 15. HP: 138/138 MP: 16/16
 27628 | D:14     | Got a twisted scale mail
 27639 | D:14     | Identified the +1 scale mail of Impatience {Str+2} (You
                  | found it on level 14 of the Dungeon)
 27667 | D:14     | Noticed Rupert
 27685 | D:14     | Killed Rupert
 27685 | D:14     | Received a gift from Okawaru
 28058 | D:14     | Found Weosaode's General Store.
 28066 | D:14     | Bought a scroll of magic mapping for 52 gold pieces
 28066 | D:14     | Bought a scroll of identify for 30 gold pieces
 28066 | D:14     | Bought a scroll of brand weapon for 300 gold pieces
 28285 | D:14     | Found a gate to the Vaults.
 28477 | Orc:1    | Entered Level 1 of the Orcish Mines
 28477 | Orc:1    | Found a roughly hewn altar of Beogh.
 28930 | Orc:2    | Entered Level 2 of the Orcish Mines
 28934 | Orc:2    | Found a staircase to the Elven Halls.
 28975 | Orc:2    | Noticed an orc warlord
 29010 | Orc:2    | Killed an orc warlord
 29824 | Orc:2    | Reached skill level 15 in Fighting
 30831 | Orc:2    | Found Vaebbax's Antique Armour Boutique.
 30831 | Orc:2    | Found Boemahad's Book Boutique.
 30832 | Orc:2    | Found Pounn's Book Shop.
 30832 | Orc:2    | Found Helixom's Antique Weapon Boutique.
 30855 | Orc:2    | Bought a warped scimitar for 315 gold pieces
 30858 | Orc:2    | Identified the +1 scimitar of Outrage {flame, +Rage rElec
                  | Str+3} (You bought it in a shop on level 2 of the Orcish
                  | Mines)
 30863 | Orc:2    | Bought a runed double sword for 630 gold pieces
 31198 | D:15     | Entered Level 15 of the Dungeon
 31461 | D:15     | Noticed Nessos
 31472 | D:15     | Killed Nessos
 31472 | D:15     | Received a gift from Okawaru
 31501 | D:15     | Got a brightly glowing scimitar {god gift}
 31502 | D:15     | Identified the +8 scimitar "Odeolali" {speed, +Blink MR-
                  | Int+6 SInv} (Okawaru gifted it to you on level 15 of the
                  | Dungeon)
 31568 | D:15     | Found a radiant altar of Vehumet.
 31763 | D:15     | Found the +5 robe of Misfortune {*Contam Harm *Corrode
                  | *Drain *Slow EV+5}
 31863 | D:15     | Reached skill level 1 in Crossbows
 31865 | D:15     | Gained mutation: You expend magic power (3 MP) to
                  | strengthen your wands. [a neqoxec]
 31891 | D:15     | Found a staircase to the Depths.
 31917 | D:15     | Reached XP level 16. HP: 139/150 MP: 17/17
 32415 | Swamp:1  | Entered Level 1 of the Swamp
 32925 | Swamp:1  | Received a gift from Okawaru
 33575 | Swamp:2  | Received a gift from Okawaru
 33579 | Swamp:2  | Got a faintly glowing animal skin {god gift}
 33872 | Swamp:2  | Identified the +1 animal skin "Sain" {rPois rF+} (Okawaru
                  | gifted it to you on level 2 of the Swamp)
 33958 | Swamp:3  | Noticed Jorgrun
 33965 | Swamp:3  | Killed Jorgrun
 34446 | Swamp:3  | Reached skill level 15 in Armour
 35067 | Swamp:4  | Entered Level 4 of the Swamp
 35081 | Swamp:4  | Noticed a thorn hunter
 35088 | Swamp:4  | Killed a thorn hunter
 35105 | Swamp:4  | Noticed a thorn hunter
 35129 | Swamp:3  | Killed a thorn hunter
 36006 | Swamp:4  | HP: 3/152 [five-headed hydra (9)]
 36006 | Swamp:4  | Slain by a five-headed hydra

Skill      XL: |  1  2  3  4  5  6  7  8  9 10 11 12 13 14 15 16 |
---------------+-------------------------------------------------+-----
Shields        | 4 5 6 8 10 11 13 14 15 16 17 18 | 18.9
Armour         | 4 5 6 7 9 10 11 12 13 14 15 | 15.3
Fighting       | 4 5 6 7 8 9 10 12 14 15 16 | 16.6
Long Blades    | 3 4 5 6 7 9 10 11 13 14 15 16 17 18 | 18.3
Dodging        | 1 2 3 4 |  4.5
Evocations     | 1 3 |  3.5
Stealth        | 1 2 |  2.5
Invocations    | 1 |  1.7
Crossbows      | 1 |  1.2

Action                   |  1- 3 |  4- 6 |  7- 9 | 10-12 | 13-15 | 16-18 || total
-------------------------+-------+-------+-------+-------+-------+-------++-------
Melee: Long sword        |    64 |   163 |   298 |   542 |       |       ||  1067
       Headbutt          |     6 |    41 |    73 |   244 |   355 |   108 ||   827
       Demon blade       |       |       |       |   410 |   290 |       ||   700
       Scimitar          |       |       |       |       |    28 |       ||    28
       Double sword      |       |       |       |       |   889 |   314 ||  1203
 Fire: Hand crossbow     |       |       |       |       |     8 |       ||     8
Invok: Heroism           |       |       |     6 |     5 |     3 |     1 ||    15
Evoke: Wand              |       |       |    71 |     7 |     2 |       ||    80
  Use: Scroll            |       |       |    14 |    11 |    13 |     3 ||    41
       Potion            |       |       |     5 |     2 |     3 |     1 ||    11
 Stab: Distracted        |       |       |       |     1 |       |       ||     1
       Confused          |       |       |       |       |       |     1 ||     1
  Eat: Chunk             |       |     6 |     7 |    32 |    34 |     9 ||    88
       Ration            |       |       |     3 |     2 |     2 |     1 ||     8
Armor: Scale mail        |    33 |    21 |       |       |       |       ||    54
       Plate armour      |       |    58 |   216 |   368 |   334 |       ||   976
       Chain mail        |       |       |       |       |    74 |   263 ||   337
Dodge: Dodged            |    19 |    31 |    87 |   167 |   291 |   238 ||   833
Block: Shield            |    37 |    94 |   260 |   534 |   829 |   364 ||  2118
       Rpst.: Long sword |     5 |     7 |    16 |    37 |       |       ||    65
       Demon blade       |       |       |       |    13 |     9 |       ||    22
       Double sword      |       |       |       |       |    53 |    37 ||    90
       Scimitar          |       |       |       |       |     1 |       ||     1
